 Dungeon Crawl Stone Soup version 0.16-a0-465-g631e55c (webtiles) character file.

351 PolkaDot the Slasher (level 6, -4/46 HPs)
             Began as a Vampire Chaos Knight on Sept 16, 2014.
             Was a Plaything of Xom.
             Slain by a soul eater (19 damage)
             ... summoned by Xom
             ... on Level 3 of the Dungeon.
             The game lasted 00:07:25 (1776 turns).

PolkaDot the Slasher (Vampire Chaos Knight)         Turns: 1776, Time: 00:07:26

HP  -4/46        AC  9     Str 11      XL: 6   Next: 34%
MP   6/6         EV 11     Int 14      God: Xom
Gold 175         SH  0     Dex 15      Spells:  0 memorised,  5 levels left

rFire  + . .     SeeInvis +     a - +0 falchion (chaos)
rCold  . . .     Clarity  .     p - +3 leather armour {rF+}
rNeg   . . .     rCorr    .     (no shield)
rPois  .         rRot     .     (no helmet)
rElec  .         Spirit   .     (no cloak)
SustAb .         Warding  .     g - +1 pair of gloves
rMut   .         Stasis   .     f - +0 pair of boots
Gourm  .                        (no amulet)
MR     .....                    (no ring)
                                (no ring)

@: about to teleport, regenerating very quickly, not resistant to hostile
enchantments, very unstealthy
A: bottle blood, fangs 3, see invisible, unbreathing
a: Bottle Blood, Renounce Religion


You were on level 3 of the Dungeon.
You worshipped Xom.
You were a toy of Xom.
You were almost alive.

You visited 1 branch of the dungeon, and saw 3 of its levels.

You collected 175 gold pieces.

Inventory:

Hand weapons
 a - a +0 falchion of chaos (weapon)
Armour
 b - a +3 leather armour
 f - a +0 pair of boots (worn)
 g - a +1 pair of gloves (worn)
 p - a +3 leather armour of fire resistance (worn)
Magical devices
 m - a wand of random effects (10) {unknown}
 n - a wand of fireball (3) {unknown}
Scrolls
 c - a scroll of remove curse
 e - a scroll of recharging
 h - a scroll of magic mapping
 i - a scroll of teleportation
 l - 2 scrolls of noise
 o - a scroll of fear
Potions
 d - 2 potions of blood {@*1}
 j - a potion of heal wounds


   Skills:
 - Level 2.6 Fighting
 * Level 7.2 Long Blades
 - Level 0.7 Armour
 - Level 2.1 Dodging


You had 5 spell levels left.
You didn't know any spells.

Dungeon Overview and Level Annotations

Branches:
Dungeon (3/15)

Altars:
Dithmenos
Xom


Innate Abilities, Weirdness & Mutations

Your natural rate of healing is extremely fast.
You can bottle blood from corpses.
You have razor-sharp teeth.
You have supernaturally acute eyesight.
You can survive without breathing.


Message History

Okay, then.
What do you say? t - Shout!
Orders for allies: a - Attack new target. r - Retreat! s - Stop attacking. w - Wait here. f - Follow me.
Anything else - Stay silent.
Okay, then.
Read which item? (? for menu, Esc to quit)
Identify which item? (\ to view known items) (? for menu, Esc to quit)
As you read the scroll of identify, it crumbles to dust.
o - a scroll of fear The white imp puffs mist at you.
The soul eater draws from the surrounding life force!
* * * LOW HITPOINT WARNING * * *
The soul eater is healed.
Read which item? (? for menu, Esc to quit)
As you read the scroll of teleportation, it crumbles to dust.
You feel strangely unstable. The soul eater hits you!!
You die...

,***,* *,,,,...,,****,,,,,*,** ,*
*.* *,,,,...,** **,,,**,* ,*##.#
*****#.#** **,***,* ,,...# #.#
*,* *,** **#..# #.# *,* *,,, #..#
#####.##### **+****** ###..#
#....55...# **,,,** .....#
#.###3###.#**,,,,,** ##s5#*
#,*##@###.#*,,,,,,,**
#.[5########.##...##.#,,,,,,,,,**
..55.................+,,,,,,,,,+,
#..5########.##!..##.#,,,,,,,,,**
....# #,*#..###.#*,,,,,,,** #.#.#
#.##.####.#**,,,,,**** #.#.#
#...).....# **,,,,,,,, #...#
####.###### **,*****, #...### #.#
*******,*****,


You could see a soul eater, a crimson imp and a white imp.

Vanquished Creatures
  An orc wizard (D:3)
  Jessica (D:2)
  4 gnolls (D:3)
  3 adders
  4 worms (D:2)
  3 giant geckos
  An ooze (D:2)
  5 orcs (D:3)
  4 bats
  5 giant cockroaches
  4 hobgoblins
  7 kobolds
  2 quokkas (D:2)
  A giant newt (D:2)
  9 goblins
  7 rats
61 creatures vanquished.

Vanquished Creatures (collateral kills)
  Grinder (D:3)
1 creature vanquished.

Grand Total: 62 creatures vanquished

Notes
Turn   | Place    | Note
--------------------------------------------------------------
     0 | D:1      | PolkaDot, the Vampire Chaos Knight, began the quest for the Orb.
     0 | D:1      | Reached XP level 1. HP: 17/17 MP: 1/1
    79 | D:1      | XOM: harmless Chrm miscast
    80 | D:1      | XOM: divination: detect items
   150 | D:1      | Reached XP level 2. HP: 23/23 MP: 2/2
   156 | D:1      | XOM: god gift: 40 gold pieces
   237 | D:1      | Found a shimmering altar of Xom.
   255 | D:1      | Found a shimmering altar of Xom.
   308 | D:1      | XOM: divination: magic mapping
   466 | D:1      | XOM is BORED!
   466 | D:1      | XOM: noise
   663 | D:1      | XOM: silly message
   736 | D:2      | Reached skill level 4 in Long Blades
   762 | D:2      | Reached XP level 3. HP: 20/28 MP: 3/3
   937 | D:2      | Reached XP level 4. HP: 31/34 MP: 4/4
  1036 | D:2      | Reached skill level 5 in Long Blades
  1046 | D:2      | Noticed Jessica
  1049 | D:2      | Killed Jessica
  1234 | D:3      | XOM: divination: detect creatures
  1245 | D:3      | Reached XP level 5. HP: 37/39 MP: 5/5
  1313 | D:3      | Noticed Grinder
  1314 | D:3      | XOM: summons 5 friendly demons
  1319 | D:3      | Paralysed by Grinder for 6 turns
  1324 | D:3      | Killed Grinder
  1324 | D:3      | Reached skill level 6 in Long Blades
  1324 | D:3      | Reached XP level 6. HP: 17/46 MP: 6/6
  1355 | D:3      | Found a shadowy altar of Dithmenos.
  1422 | D:3      | Reached skill level 7 in Long Blades
  1481 | D:3      | XOM: colour smoke trail
  1763 | D:3      | XOM: summons 3 hostile demons
  1764 | D:3      | Noticed a soul eater
  1776 | D:3      | Slain by a soul eater

Action                   |  1- 3 |  4- 6 || total
-------------------------+-------+-------++-------
Melee: Falchion          |   108 |    92 ||   200
 Abil: Bottle Blood      |       |     7 ||     7
  Use: Potion            |     1 |     4 ||     5
       Scroll            |       |    11 ||    11
 Stab: Paralysed         |     1 |       ||     1
       Sleeping          |       |     1 ||     1
  Eat: Corpse            |     6 |     4 ||    10
